 Dungeon Crawl Stone Soup version 0.24-a0-160-gfa3a8d6 (webtiles) character file.

Game seed: 5577100639341901803

1570 Lanoc the Basher (level 8, -1/57 HPs)
             Began as an Octopode Chaos Knight on Mar 5, 2019.
             Was a Plaything of Xom.
             Slain by a centaur (8 damage)
             ... on level 5 of the Dungeon.
             The game lasted 00:06:32 (3669 turns).

Lanoc the Basher (Octopode Chaos Knight)            Turns: 3669, Time: 00:06:33

Health: -1/57      AC:  1    Str: 12    XL:     8   Next: 90%
Magic:  22/26      EV: 16    Int: 14    God:    Xom [*.....]
Gold:   194        SH:  0    Dex: 13    Spells: 7/7 levels left

rFire    . . .     SeeInvis .   a - +0 mace (chaos)
rCold    . . .     Gourm    .   (no shield)
rNeg     . . .     Faith    .   (helmet restricted)
rPois    .         Spirit   .   (no amulet)
rElec    .         Reflect  .   e - +3 ring of slaying
rCorr    +         Harm     .   k - ring of magical power
MR       .....                  v - ring of resist corrosion (curse)
Stlth    ++........             x - ring of magical power
HPRegen  0.19/turn              (no ring)
MPRegen  0.20/turn              (no ring)
                                (no ring)
                                (no ring)

@: no status effects
A: almost no armour, stealthy swim, amphibious, 8 rings, constrict 8, camouflage
1, high mp 1, gelatinous body 1
a: Renounce Religion


You were on level 5 of the Dungeon.
You worshipped Xom.
You were a special plaything of Xom.
You were not hungry.

You visited 2 branches of the dungeon, and saw 6 of its levels.

You collected 194 gold pieces.

Inventory:

Hand Weapons
 a - a +0 mace of chaos (weapon)
 t - a +0 flail of crushing
Jewellery
 e - a +3 ring of slaying (left tentacle)
 k - a ring of magical power (right tentacle)
 v - a cursed ring of resist corrosion (on tentacle)
 x - a ring of magical power (on tentacle)
Scrolls
 h - a scroll of random uselessness {unknown}
 i - 3 scrolls of remove curse
 m - 3 scrolls of teleportation {unknown}
 o - a scroll of amnesia {unknown}
 p - a scroll of enchant weapon {unknown}
 r - a scroll of magic mapping {unknown}
Potions
 c - a potion of heal wounds
 d - 2 potions of agility {unknown}
 f - a potion of might {unknown}
 g - a potion of brilliance {unknown}
 j - a potion of lignification {unknown}
 l - a potion of mutation
 n - a potion of resistance {unknown}
 q - a potion of ambrosia {unknown}
 s - a potion of invisibility {unknown}
 u - 2 potions of flight {unknown}
 w - a potion of curing {unknown}
Comestibles
 b - 11 rations


   Skills:
 + Level 6.1 Fighting
 * Level 8.3 Maces & Flails
 + Level 5.8 Dodging


You had 7 spell levels left.
You didn't know any spells.
Your spell library was empty.

Dungeon Overview and Level Annotations

Branches:
Dungeon (5/15)             Temple (1/1) D:4

Altars:
Ashenzari
Hepliaklqana
Trog

Annotations:
D:2 Natasha
D:3 1 runed translucent door, Lanoc's ghost, amateur DrBe


Innate Abilities, Weirdness & Mutations

You cannot wear most types of armour.
You are very stealthy in the water. (Stealth+)
You are amphibious.
You can wear up to eight rings at the same time.
You can use your tentacles to constrict eight enemies at once.
Your skin changes colour to match your surroundings (Stealth+).
Your rubbery body absorbs attacks. (AC +1, EV +1)
You have an increased reservoir of magic. (+10% MP)


Message History

The centaur shoots an arrow.
The arrow closely misses you. The ball python completely misses you.
The ball python closely misses you.
The centaur unwields a +0 shortbow.
The centaur hits you!
* * * LOW HITPOINT WARNING * * *
The ball python misses you. The ball python barely misses you.
You barely miss the centaur. You squeeze the centaur.
The centaur is moderately wounded.
The centaur misses you. The ball python closely misses you.
The ball python barely misses you.
You thump the centaur!
The centaur is heavily wounded.
The centaur hits you.
* * * LOW HITPOINT WARNING * * *
The ball python closely misses you. The ball python misses you.
The centaur hits you.
* * * LOW HITPOINT WARNING * * *
You hit the ball python.
You kill the ball python!
The centaur hits you!
You die...

#..... #....# ###
#..>.##..###
#....c.....# #.
#.........#
#..##.........#
#.......##...#
#.......##...##
#..(....'@c...####...
#..##...#(..((.....#
#.. #...##...####....
#.. ......##### .
#...##'##. . #. # +#
#. ..##########.
............


You could see a centaur.

Vanquished Creatures
  A sixfirhy (D:3)
  Prince Ribbit (D:5)
  3 ogres
  A centaur (D:5)
  A centaur skeleton (D:4)
  2 bullfrog skeletons
  Natasha (D:2)
  Terence (D:2)
  2 orc wizards
  2 worker ants (D:4)
  A hound skeleton (D:4)
  A worker ant zombie (D:5)
  6 adders
  8 gnolls
  An ooze (D:4)
  An adder skeleton (D:5)
  A dart slug (D:2)
  2 leopard geckos
  11 orcs
  2 ball pythons
  7 bats
  4 giant cockroaches
  5 goblins
  11 hobgoblins
  9 jackals
  5 quokkas
  4 frilled lizards
  11 kobolds
  A leopard gecko skeleton (D:4)
  2 rats
108 creatures vanquished.

Notes
Turn   | Place    | Note
-------+----------+-------------------------------------------
     0 | D:1      | Lanoc the Octopode Chaos Knight began the quest for the
                  | Orb.
     0 | D:1      | Reached XP level 1. HP: 16/16 MP: 1/1
   145 | D:1      | Reached XP level 2. HP: 14/21 MP: 2/2
   296 | D:1      | XOM: harmless Summ miscast
   299 | D:1      | XOM: silly message
   330 | D:2      | Reached XP level 3. HP: 26/26 MP: 3/3
   331 | D:2      | XOM: potion effect (invisibility)
   337 | D:2      | Reached skill level 4 in Maces & Flails
   337 | D:2      | Reached XP level 4. HP: 31/31 MP: 4/4
   370 | D:2      | Noticed Terence
   377 | D:2      | Killed Terence
   403 | D:2      | Noticed Natasha
   412 | D:2      | Killed Natasha
   412 | D:2      | Reached XP level 5. HP: 17/37 MP: 5/5
   562 | D:2      | XOM: silly message
   581 | D:2      | Noticed Natasha
   795 | D:2      | Found a faded altar of an unknown god.
   956 | D:2      | XOM: mild Air miscast
  1030 | D:2      | XOM: cloud trail
  1080 | D:2      | XOM: mild Summ miscast
  1144 | D:2      | XOM: stat loss: -1 Int (13/14)
  1314 | D:3      | Noticed Lanoc's ghost (amateur DrBe)
  1412 | D:3      | XOM: stat loss: -1 Int (12/14)
  1416 | D:3      | Found a runed translucent door.
  1434 | D:3      | Reached skill level 5 in Maces & Flails
  1434 | D:3      | Reached XP level 6. HP: 24/43 MP: 6/6
  1489 | D:3      | XOM: medium Tloc miscast
  1626 | D:3      | XOM: noise
  1644 | D:3      | XOM: 3-stop teleportation journey
  1696 | D:3      | Noticed Grinder
  1703 | D:3      | Noticed Grinder
  1703 | D:3      | Grinder changed into Grinder the sixfirhy
  1705 | D:3      | Killed Grinder the sixfirhy
  1705 | D:3      | Reached skill level 5 in Fighting
  1705 | D:3      | Reached skill level 6 in Maces & Flails
  1705 | D:3      | Reached XP level 7. HP: 48/50 MP: 7/7
  1730 | D:3      | Found a bloodstained altar of Trog.
  1813 | D:3      | XOM: harmless Tloc miscast
  1857 | D:3      | XOM: noise
  2181 | D:4      | Reached skill level 7 in Maces & Flails
  2181 | D:4      | Reached skill level 5 in Dodging
  2181 | D:4      | Reached XP level 8. HP: 54/55 MP: 8/8
  2225 | D:4      | Found a staircase to the Ecumenical Temple.
  2234 | Temple   | Entered the Ecumenical Temple
  2597 | D:4      | XOM: mild Tmut miscast
  2775 | D:4      | XOM: give mutation
  2775 | D:4      | Gained mutation: You have an increased reservoir of magic.
                  | (+10% MP) [Xom's mischief]
  2851 | D:4      | XOM: divination: detect creatures
  3017 | D:4      | Found a hazy altar of Hepliaklqana.
  3031 | D:4      | Found a shattered altar of Ashenzari.
  3151 | D:5      | Entered Level 5 of the Dungeon
  3173 | D:5      | Noticed Prince Ribbit
  3177 | D:5      | XOM: cleaving
  3179 | D:5      | Killed Prince Ribbit
  3264 | D:5      | Reached skill level 8 in Maces & Flails
  3361 | D:5      | XOM: noise
  3632 | D:5      | XOM: smoke on damage
  3645 | D:5      | XOM: 1-stop teleportation journey
  3669 | D:5      | Slain by a centaur

Levels and vault maps discovered:
D:1:      wander_arrival_lonely_grave, layout_basic, minmay_pentomino_o2
D:2:      layout_basic, chequers_ecumenical_altar_lobes, first_ration,
          grunt_ministairs_14, uniq_terence, uniq_natasha
D:3:      layout_loops_cross, lemuel_round_altar,
          hellmonk_ghost_happy_afterlife, uniq_grinder
D:4:      layout_rooms, cheibrodos_ashenzari_chains, kennysheep_little_box,
          minmay_temple_entry_hall
D:5:      layout_gridville, minmay_misc_feat_chi, uniq_prince_ribbit1, uniq_ijyb
Temple:   minmay_temple_curvy_loop

Skill      XL: |  1  2  3  4  5  6  7  8 |
---------------+-------------------------+-----
Maces & Flails | 4 5 6 7 8 |  8.3
Dodging        | 3 4 5 |  5.8
Fighting       | 4 5 6 |  6.1

Action                   |  1- 3 |  4- 6 |  7- 9 || total
-------------------------+-------+-------+-------++-------
Melee: Mace              |    32 |    66 |   117 ||   215
       Constrict         |     9 |    19 |    25 ||    53
       Tentacles         |     5 |    11 |    22 ||    38
  Use: Scroll            |       |     1 |     3 ||     4
 Stab: Invisible         |       |     2 |       ||     2
       Sleeping          |       |     4 |     2 ||     6
       Paralysed         |       |       |     1 ||     1
       Confused          |       |       |     1 ||     1
       Petrifying        |       |       |     1 ||     1
  Eat: Chunk             |       |     3 |     6 ||     9
Armor: Skin              |     2 |     3 |     3 ||     8
Dodge: Dodged            |    17 |    43 |    97 ||   157

Table legend:
 A = Non-vault XP
 B = Vault XP
 C = Vault XP percentage of total XP
 D = Non-vault monster count
 E = Vault monster count
 F = Vault count percentage of total count
                 A         B        C        D         E       F
            +---------+---------+-------+---------+---------+-------
      Total |    1127 |    1116 |  49.8 |     102 |       6 |   5.6
            +---------+---------+-------+---------+---------+-------
        D:1 |      29 |       0 |   0.0 |      17 |       0 |   0.0
        D:2 |     172 |      77 |  30.9 |      26 |       4 |  13.3
        D:3 |      76 |     765 |  91.0 |      17 |       1 |   5.6
        D:4 |     525 |       0 |   0.0 |      29 |       0 |   0.0
        D:5 |     325 |     274 |  45.7 |      13 |       1 |   7.1
            +---------+---------+-------+---------+---------+-------
